Unix NetHack Version 3.7.0-90 Work-in-progress - last build Dec 4 2023 15:25:40 (a4ad6ea61a8c493010e15c9251bbb19a34919cb7,branch:master). Game began 2023-12-04 18:16:01, ended 2023-12-04 18:38:23. elenmirie, neutral female human Priestess --------- ----------- ........| ......0...| |.......| |.........| |..<....| |.........| |........# # |.:...>$...# ---------######@.Z........|# # -----------# # # # # #### ##-------- #|......| #-......| |......| -------- Elenmirie the Adept St:14 Dx:9 Co:15 In:11 Wi:18 Ch:10 Neutral Dlvl:7 $:411 HP:0(53) Pw:89(89) AC:2 Xp:6/328 T:2965 Burdened Latest messages: You stop searching. Yermak bites the leprechaun. The leprechaun hits Yermak. Yermak misses the leprechaun. Yermak bites the leprechaun. The leprechaun hits Yermak. Yermak bites the leprechaun. The leprechaun misses Yermak. You are beginning to feel weak. What do you want to eat? [fnqyN or ?*] ? This pancake is delicious! You finish eating the pancake. What do you want to eat? [fnqyN or ?*] N This pancake is delicious! You finish eating the pancake. You hit the leprechaun! Yermak bites the leprechaun. The leprechaun hits Yermak. You kill the leprechaun! Welcome to experience level 6. You have a little trouble lifting $ - 96 gold pieces. You climb up the stairs. You have a little trouble lifting $ - 143 gold pieces (239 in total). You fall down the stairs. You swap places with Yermak. You see here an uncursed chest. You swap places with Yermak. You fall down the stairs. You have a little trouble lifting $ - 172 gold pieces (411 in total). You miss the giant zombie. The giant zombie hits! The giant zombie hits again! The giant zombie knocks you backward with a forceful blow! You stagger... You feel a bit steadier now. You hit the giant zombie! The giant zombie hits! The giant zombie just misses! You hit the giant zombie! The giant zombie hits! The giant zombie hits again! The giant zombie misses! The giant zombie hits! The giant zombie knocks you backward with a forceful blow! You die... Do you want your possessions identified? [ynq] (y) y Do you want to see your attributes? [ynq] (y) y Do you want an account of creatures vanquished? [ynaq] (y) y Do you want to see your conduct and achievements? [ynq] (y) y Do you want to see the dungeon overview? [ynq] (y) y Inventory: Coins $ - 411 gold pieces Weapons A - an uncursed +0 dagger a - a blessed +1 mace (weapon in right hand) Armor z - an uncursed +0 orcish helm (being worn) L - an uncursed +0 pair of iron shoes (being worn) c - an uncursed +0 small shield (being worn) b - an uncursed +0 robe (being worn) C - a blessed +0 leather armor (being worn) Comestibles q - an uncursed carrot y - 2 uncursed cloves of garlic n - 4 uncursed food rations f - an uncursed sprig of wolfsbane Scrolls M - 3 uncursed scrolls of blank paper i - an uncursed scroll of confuse monster l - an uncursed scroll of create monster t - an uncursed scroll of enchant armor s - a cursed scroll of light j - an uncursed scroll of scare monster Spellbooks h - an uncursed spellbook of create monster m - an uncursed spellbook of create monster g - an uncursed spellbook of detect monsters Potions H - a blessed potion of blindness K - a blessed potion of extra healing J - a cursed potion of fruit juice I - an uncursed potion of gain energy E - a cursed potion of gain level G - an uncursed potion of healing w - an uncursed potion of polymorph o - a cursed potion of speed d - 4 potions of holy water Rings D - an uncursed ring of invisibility r - an uncursed ring of poison resistance (on right hand) k - an uncursed ring of protection from shape changers Wands x - an uncursed wand of digging (0:5) B - an uncursed wand of magic missile (0:3) v - an uncursed wand of make invisible (0:4) Tools e - an uncursed lock pick Elenmirie the Priestess's attributes: Background: You were an Adept, a level 6 human Priestess. You were neutral, nominally on a mission for Chih Sung-tzu who was opposed by Shan Lai Ching (lawful) and Huan Ti (chaotic). You were right-handed. You were in the Dungeons of Doom, on level 7. You entered the dungeon 2965 turns ago. You had 328 experience points, 312 more were needed to attain level 7. Basics: You had 0 out of 53 hit points. You had all 89 energy points (spell power). Your armor class was 2. Your wallet contained 411 zorkmids. Autopickup was on for '$' plus thrown. Final Characteristics: Your strength was 14 (limit:18/100). Your dexterity was 9 (limit:18). Your constitution was 15 (limit:18). Your intelligence was 11 (limit:18). Your wisdom was 18 (limit:18). Your charisma was 10 (limit:18). Final Status: You weren't hungry. You were burdened; movement was slightly slowed. You were wielding a mace. You had basic skill with mace and could have enhanced that. Final Attributes: You were piously aligned. You were poison resistant. You were telepathic. You were guarded. You are dead. Miscellaneous: You never encountered a bones level. Total elapsed playing time was 22 minutes and 20 seconds. Major events: Turn 1: elenmirie the neutral human Priestess entered the dungeon 823: attained the rank of Acolyte (level 3) 2830: attained the rank of Adept (level 6) 2965: killed by a giant zombie, while moving through the air Vanquished creatures: 4 leprechauns a rock piercer a fog cloud a gnome leader a kobold mummy a ghoul a paper golem 2 floating eyes 2 dwarves 5 hill orcs 3 rothes a hobbit 4 manes a large kobold 2 hobgoblins a giant rat 2 yellow molds a green mold a gnome zombie 5 geckos a jackal a fox a goblin 3 sewer rats 4 grid bugs 6 lichens a kobold zombie 4 newts 61 creatures vanquished. No species were genocided or became extinct. Voluntary challenges: You were an atheist. You were illiterate. You never engraved Elbereth. You never genocided any monsters. You never polymorphed an object. You never changed form. You used no wishes. Achievements: You attained the rank of Acolyte. You attained the rank of Adept. The Dungeons of Doom: levels 1 to 7 Level 1: A fountain. Level 2: Some graves. Level 3: A fountain, a sink. Level 4: Level 5: Level 6: Level 7: <- You were here. Final resting place for you, killed by a giant zombie, while moving through the air. Game over: ---------- / \ / REST \ / IN \ / PEACE \ / \ | elenmirie | | 411 Au | | killed by a | | giant zombie | | | | | | 2023 | *| * * * | * _________)/\\_//(\/(/\)/\//\/|_)_______ Goodbye elenmirie the Priestess... You died in The Dungeons of Doom on dungeon level 7 with 1992 points, and 411 pieces of gold, after 2965 moves. You were level 6 with a maximum of 53 hit points when you died.